 Dungeon Crawl Stone Soup version 0.29-a0-221-gceb61267dd (webtiles) character file.

Game seed: 3159619811486151298

1892 pokeman the Thaumaturge (level 8, 0/43 (44) HPs)
             Began as a Deep Elf Hedge Wizard on Feb 26, 2022.
             Was an Initiate of Vehumet.
             Slain by a wight
             ... wielding a +0 scimitar
              (3 damage)
             ... on level 7 of the Dungeon.
             The game lasted 00:17:03 (7559 turns).

pokeman the Thaumaturge (Deep Elf Hedge Wizard)     Turns: 7559, Time: 00:17:04

HP:   0/43 (44)     AC:  6    Str:  5 (7)  XL:     8   Next: 93%
MP:   30/33         EV: 11    Int: 19 (22) God:    Vehumet [......]
Gold: 120           SH:  0    Dex: 11 (14) Spells: 17/28 levels left

rFire   . . .      SeeInvis .   w - +2 dagger (venom)
rCold   . . .      Faith    .   (no shield)
rNeg    . . .      Spirit   .   d - +0 leather armour
rPois   .          Reflect  .   x - +0 helmet
rElec   .          Harm     .   J - +0 cloak
rCorr   .          Rampage  .   a - +0 pair of gloves
Will    .....                   (no boots)
Stlth   ++........              (no amulet)
HPRegen 0.14/turn               k - ring of magical power
MPRegen 0.23/turn               m - ring of flight

@: lethally poisoned (0 -> -13), on blink cooldown, flying, lightly drained
A: no striking features
a: Renounce Religion


You were on level 7 of the Dungeon.
You worshipped Vehumet.
Vehumet was noncommittal.
You visited 2 branches of the dungeon, and saw 8 of its levels.

You collected 288 gold pieces.
You spent 168 gold pieces at shops.

Inventory:

Hand Weapons
 w - a +2 dagger of venom (weapon)
 G - a +1 dagger of pain
 H - a +0 shortbow
Armour
 a - a +0 pair of gloves (worn)
 d - a +0 leather armour (worn)
 x - a +0 helmet (worn)
 C - the +3 leather armour of the Blind Marksman {rPois rC+ Regen+ Int-4}
   (You bought it in a shop on level 5 of the Dungeon)

   Int:       It affects your intelligence (-4).
   rC:        It protects you from cold.
   rPois:     It protects you from poison.
   Regen:     It increases your rate of health regeneration.
 E - a +1 ring mail of fire resistance
 J - a +0 cloak (worn)
Jewellery
 e - a ring of protection from fire
 k - a ring of magical power (left hand)
 m - a ring of flight (right hand)
 y - a ring of positive energy
 A - a +6 ring of dexterity
Wands
 u - a wand of flame (9)
Scrolls
 c - a scroll of torment {unknown}
 f - 6 scrolls of teleportation {unknown}
 h - 5 scrolls of identify {unknown}
 i - 4 scrolls of blinking {unknown}
 o - 3 scrolls of vulnerability {unknown}
 r - 2 scrolls of fog {unknown}
 s - 2 scrolls of brand weapon {unknown}
 z - a scroll of immolation {unknown}
 B - a scroll of noise {unknown}
 F - a scroll of silence {unknown}
 I - a scroll of enchant weapon {unknown}
Potions
 b - 2 potions of degeneration
 g - 4 potions of might {unknown}
 j - 2 potions of attraction {unknown}
 l - 2 potions of curing {unknown}
 n - 3 potions of mutation {unknown}
 p - a potion of haste {unknown}
 q - 3 potions of lignification {unknown}
 t - 2 potions of ambrosia {unknown}
 v - 2 potions of berserk rage {unknown}
 D - a potion of brilliance {unknown}


   Skills:
 + Level 2.0 Fighting
 - Level 3.0 Armour
 - Level 3.0 Dodging
 - Level 3.2 Stealth
 * Level 10.5 Spellcasting
 + Level 5.6 Conjurations
 - Level 1.1 Summonings
 - Level 1.1 Translocations
 + Level 4.4 Fire Magic
 - Level 1.4 Air Magic
 - Level 1.1 Poison Magic
 - Level 1.0 Evocations


You had 17 spell levels left.
You knew the following spells:

 Your Spells              Type           Power      Damage    Failure   Level
a - Magic Dart            Conj           100%       1d8       1%          1
b - Mephitic Cloud        Conj/Pois/Air  20%        N/A       11%         3
c - Call Imp              Summ           14%        N/A       11%         2
d - Blink                 Tloc           28%        N/A       11%         2
e - Conjure Flame         Conj/Fire      29%        6-21      4%          3

Your spell library contained the following spells:

 Spells                   Type           Power      Damage    Failure   Level
 Slow                     Hex            40%        N/A       12%         1
 Corpse Rot               Necr/Air       24%        N/A       13%         2
 Sticky Flame             Conj/Fire      29%        2d5       14%         4
 Ignite Poison            Fire/Tmut/Pois 17%        N/A       16%         3
 Iskenderun's Mystic Bla  Conj/Tloc      22%        2d6       28%         4
 Ozocubu's Armour         Ice            10%        N/A       34%         3
 Fulminant Prism          Conj/Hex       10%        3d9       34%         4
 Dispel Undead            Necr           10%        3d9       75%         4
 Lee's Rapid Deconstruct  Erth           5%         3d7*      97%         5
 Death Channel            Necr           5%         N/A       100%        6
 Ozocubu's Refrigeration  Ice            5%         4d6       100%        7


Dungeon Overview and Level Annotations

Branches:
Dungeon (7/15)             Temple (1/1) D:5

Altars:
Ashenzari
Cheibriados
Dithmenos
Elyvilon
Fedhas
Gozag
Hepliaklqana
Kikubaaqudgha
Okawaru
Qazlal
Ru
Uskayaw
Vehumet
Wu Jian
Xom
Yredelemnul
Zin
The Shining One

Shops:
D:4 (   D:5 [   D:6 *


Message History

A hound comes into view.
You feel stable enough to blink again.
A water moccasin comes into view.
The water moccasin barely misses you.
The water moccasin hisses angrily.
The hound barks!
You hear a roar!
A wight comes into view. It is wielding a +0 scimitar.
There is a stone staircase leading up here.
The hound bites you.
The water moccasin bites you but does no damage.
The hound bites you. The water moccasin closely misses you.
You fly upwards.
There is a stone staircase leading down here.
The hound barely misses you. The water moccasin bites you.
You are poisoned.
The water moccasin poisons you!
You fly downwards.
You feel very sick. The water moccasin bites you.
You are more poisoned.
The water moccasin poisons you! The water moccasin closely misses you.
The gnoll hits you with a +0 flail. The water moccasin bites you.
There is a stone staircase leading up here.
Unknown command.
Casting: Blink (safe; 9% risk of failure)
Confirm with . or Enter, or press ? or * to list all spells.
You blink.
* * * LOW HITPOINT WARNING * * *
You feel very sick. The wight hits you with a +0 scimitar.
* * * LOW HITPOINT WARNING * * *
You feel drained.
* * * LOW HITPOINT WARNING * * *
The hound bites you but does no damage.
It was a potion of degeneration.
There was something very wrong with that liquid.
You feel weakened.
You feel dopey.
You feel clumsy.
* * * LOW HITPOINT WARNING * * *
You feel very sick. The hound completely misses you.
The wight hits you with a +0 scimitar.
You die...

#......
###########......#
#................#
###................
.................
#...........#.##### .
#.................#
....##....S............#
.......@hgg.g....g......
#####..z.S.......#.###.#
#............#..##.#
......D..:....##.##.#
.##..##.#......##.##.#
.. ..###.#..#######.##.#
# ## .^#...............
##.......#####.#.. #.#..


You could see 2 water moccasins, an acid dragon, a hound, a wight and 3 gnolls.

Vanquished Creatures
  Eustachio (D:4)
  Menkaure (D:5)
  An orc warrior (D:6)
  An ice beast (D:6)
  A black bear (D:5)
  3 ogres
  A centaur (D:6)
  A phantom (D:6)
  A bullfrog (D:6)
  4 scorpions
  2 jellies
  3 hounds
  2 orc priests
  A gnoll shaman (D:5)
  2 iguanas
  4 orc wizards
  Robin (D:4)
  11 gnolls
  6 adders
  A shadow imp (D:7)
  A worm (D:2)
  32 orcs
  3 ball pythons (D:2)
  3 bats
  9 endoplasms
  3 giant cockroaches
  10 hobgoblins
  A quokka (D:5)
  5 frilled lizards
  22 goblins
  17 kobolds
  3 rats
157 creatures vanquished.

Notes
Turn   | Place    | Note
-------+----------+-------------------------------------------
     0 | D:1      | pokeman the Deep Elf Hedge Wizard began the quest for the
                  | Orb.
     0 | D:1      | Reached XP level 1. HP: 10/10 MP: 7/7
   519 | D:1      | Reached XP level 2. HP: 15/15 MP: 7/9
  1077 | D:2      | Found a faded altar of an unknown god.
  1361 | D:2      | Reached skill level 5 in Spellcasting
  1471 | D:2      | Reached XP level 3. HP: 20/20 MP: 11/11
  1475 | D:2      | Learned a level 3 spell: Mephitic Cloud
  1478 | D:2      | Learned a level 2 spell: Call Imp
  1482 | D:2      | Learned a level 2 spell: Blink
  1486 | D:2      | Learned a level 3 spell: Conjure Flame
  1510 | D:2      | Reached skill level 1 in Fighting
  1510 | D:2      | Reached skill level 1 in Armour
  2217 | D:3      | Reached XP level 4. HP: 20/25 MP: 13/13
  2689 | D:3      | Reached skill level 1 in Fire Magic
  3062 | D:4      | Reached skill level 6 in Spellcasting
  3062 | D:4      | Reached XP level 5. HP: 29/29 MP: 15/15
  3126 | D:4      | Found Kengeto's Antique Weapon Boutique.
  3169 | D:4      | Noticed Eustachio
  3192 | D:4      | Killed Eustachio
  3193 | D:4      | Reached skill level 1 in Air Magic
  3193 | D:4      | Reached XP level 6. HP: 23/34 MP: 16/17
  3368 | D:4      | Found a white marble altar of Elyvilon.
  3398 | D:4      | Found a glowing silver altar of Zin.
  3442 | D:4      | Reached skill level 7 in Spellcasting
  3551 | D:4      | Noticed Robin
  3577 | D:4      | Killed Robin
  3796 | D:4      | Found an ancient bone altar of Kikubaaqudgha.
  3809 | D:4      | Reached skill level 1 in Poison Magic
  4273 | D:5      | Entered Level 5 of the Dungeon
  4286 | D:5      | Reached XP level 7. HP: 38/38 MP: 20/20
  4405 | D:5      | Found a shimmering altar of Xom.
  4469 | D:5      | Noticed Menkaure
  4495 | D:5      | Killed Menkaure
  4496 | D:5      | Reached skill level 8 in Spellcasting
  5106 | D:5      | Found Efizos's Antique Armour Shoppe.
  5122 | D:5      | Reached skill level 1 in Evocations
  5555 | D:5      | Bought a heavily runed leather armour for 168 gold pieces
  5555 | D:5      | Identified the +3 leather armour of the Blind Marksman
                  | {rPois rC+ Regen+ Int-4} (You bought it in a shop on level
                  | 5 of the Dungeon)
  6144 | D:5      | Found a staircase to the Ecumenical Temple.
  6153 | Temple   | Entered the Ecumenical Temple
  6245 | Temple   | Became a worshipper of Vehumet
  6505 | D:5      | Reached XP level 8. HP: 43/44 MP: 22/22
  6593 | D:6      | Reached skill level 9 in Spellcasting
  6716 | D:6      | You are sucked into a shaft and drop 1 floor!
  6786 | D:6      | Reached skill level 5 in Conjurations
  6891 | D:6      | Reached skill level 10 in Spellcasting
  7188 | D:6      | Found Qiupoul's General Store.
  7559 | D:7      | Slain by a wight

Illustrated notes

Levels and vault maps discovered:
D:1:      lightli_arrival_statue_moat, layout_basic
D:2:      layout_basic, hellmonk_ecumenical_altar_crossroads
D:3:      layout_basic, minmay_fractal_squares_diagonal_5
D:4:      layout_loops_cross, zin_academy, mainiacjoe_overflow_six_doors_small,
          mainiacjoe_overflow_alcove_2, serial_shops, shop, uniq_robin,
          uniq_eustachio
D:5:      corexii_shantytown, layout_basic, tgw_xom, minmay_temple_entry_grid,
          serial_shops, shop, uniq_menkaure
D:6:      layout_basic, nicolae_take_the_stairs
D:7:      layout_basic, minmay_manual_mess
Temple:   eino_temple_rhombus

Skill      XL: |  1  2  3  4  5  6  7  8 |
---------------+-------------------------+-----
Spellcasting   | 5 6 7 8 10 | 10.5
Fighting       | 1 2 |  2.0
Armour         | 1 3 |  3.0
Conjurations   | 2 3 4 5 |  5.6
Fire Magic     | 1 2 4 |  4.4
Dodging        | 3 |  3.0
Stealth        | 3 |  3.2
Air Magic      | 1 |  1.4
Poison Magic   | 1 |  1.1
Evocations     | 1 |  1.0
Summonings     | |  1.1
Translocations | |  1.1

Action                   |  1- 3 |  4- 6 |  7- 9 || total
-------------------------+-------+-------+-------++-------
Melee: Mace              |     9 |     1 |       ||    10
       Punch             |     1 |     1 |     3 ||     5
       Flail             |       |     5 |       ||     5
       Dagger            |       |    21 |    79 ||   100
 Cast: Magic Dart        |    78 |    98 |   138 ||   314
       Mephitic Cloud    |     1 |     9 |    14 ||    24
       Call Imp          |     1 |       |       ||     1
       Conjure Flame     |       |       |    11 ||    11
       Blink             |       |       |     2 ||     2
  Use: Potion            |       |       |     1 ||     1
 Stab: Confused          |     1 |     3 |     9 ||    13
       Sleeping          |       |       |     1 ||     1
Armor: Leather armour    |     9 |    12 |    33 ||    54
Dodge: Dodged            |    13 |    24 |    68 ||   105

Table legend: (Time is in decaauts)
 A = Elapsed time spent in this place.
 B = Non-inter-level travel time spent in this place.
 C = Inter-level travel time spent in this place.
 D = Time resting spent in this place.
 E = Time spent auto-exploring this place.
 F = Levels seen in this place.
 G = Mean time per level.
                   A        B        C        D        E       F      G
               +--------+--------+--------+--------+--------+-----+--------+
         Total |   7564 |   7317 |    247 |    102 |   6142 |   8 |  945.5 |
       Dungeon |   7455 |   7223 |    232 |    102 |   6067 |   7 | 1065.0 |
        Temple |    108 |     93 |     15 |      0 |     75 |   1 |  108.0 |
               +--------+--------+--------+--------+--------+-----+--------+

Top non-repeatable levels by time:
     D:5: 2177 daAuts
     D:4: 1234 daAuts
     D:3: 1105 daAuts
     D:2: 1065 daAuts
     D:1: 870 daAuts
     D:6: 823 daAuts
     D:7: 178 daAuts
  Temple: 108 daAuts
